 Dungeon Crawl Stone Soup version 0.30.0-5-g1a98f26d00 (webtiles) character file.

Game seed: 16759164037502343976

40 RascalDebosk the Magician (level 3, -7/25 HPs)
             Began as a Djinni Earth Elementalist on May 11, 2023.
             Mangled by an orc
             ... wielding a +4 flail
              (13 damage)
             ... on level 2 of the Dungeon.
             The game lasted 00:09:02 (1192 turns).

RascalDebosk the Magician (DjEE)                    Turns: 1192, Time: 00:09:03

Health: -7/25      AC:  2    Str:  7    XL:     3   Next: 72%
Gold:   69         EV: 12    Int: 18    God:
                   SH:  0    Dex: 13

rFire   + + .        f - +0 rapier
rCold   . . .        (no shield)
rNeg    . . .        a - +0 robe
rPois   ∞            (no helmet)
rElec   .            (no cloak)
rCorr   .            (no gloves)
SInv    +            (boots unavailable)
Will    .....        (no amulet)
Stlth   ++           d - ring of see invisible
HPRegen 0.24/turn    g - ring of protection from cold
MPRegen 0.00/turn

%: infuse magic (-8 HP)
@: flying
A: sickness immunity, fire resistance 2, cold vulnerability 1, float, innate
caster, HP casting, extra vitality 1
a: no special abilities


You were on level 2 of the Dungeon.
You visited 1 branch of the dungeon, and saw 2 of its levels.

You collected 69 gold pieces.

Inventory:

Hand Weapons
 f - a +0 rapier (weapon)
Armour
 a - a +0 robe (worn)
 j - a +0 ring mail
Jewellery
 d - a ring of see invisible (left hand)
 g - a ring of protection from cold (right hand)
Scrolls
 b - 2 scrolls of fear {unknown}
 c - 2 scrolls of enchant armour {unknown}
 i - a scroll of poison {unknown}
 k - a scroll of immolation {unknown}
 m - a scroll of summoning {unknown}
Potions
 e - a potion of lignification {unknown}
 h - a potion of curing {unknown}
 l - a potion of attraction {unknown}


   Skills:
 - Level 2.1 Dodging
 - Level 1.5 Stealth
 * Level 3.4 Spellcasting


You knew the following spells:

 Your Spells              Type           Power      Damage    Failure   Level
a - Sandblast             Erth           30%        2d9       3%          1
b - Passwall              Tmut/Erth      12%        N/A       5%          2
c - Stone Arrow           Conj/Erth      30%        3d8       11%         3
d - Petrify               Tmut/Erth      15%        N/A       36%         4
e - Summon Small Mammal   Summ           60%        N/A       3%          1
Your spell library was empty.

Dungeon Overview and Level Annotations

Branches:
Dungeon (2/15)

Altars:


Innate Abilities, Weirdness & Mutations

You are immune to sickness and miasma.
You are immune to poison.
Your flesh is very heat resistant. (rF++)
You are vulnerable to cold. (rC-)
You float through the air rather than walking.
You learn spells naturally, not from books.
Your magical power is your life essence.
You have superior vitality. (+4 MHP)


Message History

You kill the frilled lizard!
You see here a frilled lizard corpse.
You reach down and open the door.
There is an open door here.
You reach down and open the door.
There is an open door here.
You reach down and open the door.
A ball python comes into view.
There is an open door here.
Found a stone staircase leading down.
The ball python hisses angrily.
The ball python barely misses you. x2
You hit the ball python.
The ball python is severely wounded.
The ball python closely misses you. The ball python grabs you.
The ball python constricts you.
You hit the ball python.
You kill the ball python!
You see here a ball python corpse.
A kobold comes into view. It is wielding a +0 short sword.
Found a stone staircase leading up.
The kobold shouts!
Casting: Sandblast (safe; 3% risk of failure)
Confirm with . or Enter, or press ? or * to list all spells.
Aiming: Sandblast (safe; 3% risk of failure)
Press: ? - help, Shift-Dir - straight line, f - kobold
Aim: a kobold, wielding a +0 short sword (77% to hit)
The blast of sand hits the kobold!
You kill the kobold!
Found a whip.
Found 3 stones.
You reach down and open the door.
There is an open door here.
A dart slug comes into view.
A dart slug is nearby!
A dart slug is nearby!
The dart slug launches a dart at you. The slug dart misses you.
You hit the dart slug.
The dart slug is heavily wounded.
The dart slug launches a dart at you. The slug dart misses you.
You hit the dart slug.
You kill the dart slug!
You see here a dart slug corpse.
Found a stone staircase leading up.
h - a golden potion
i - a scroll labelled VOMATR QORUMUIFRAC You reach down and open the door.
There is an open door here.
There is an open door here.
There is a stone staircase leading down here.
Found a ring mail.
You now have 51 gold pieces (gained 8).
You see here a +0 ring mail.
You see here a +0 ring mail.
A ball python comes into view.
You see here a +0 ring mail.
j - a +0 ring mail
Casting: Sandblast (safe; 3% risk of failure)
Confirm with . or Enter, or press ? or * to list all spells.
Aiming: Sandblast (safe; 3% risk of failure)
Press: ? - help, Shift-Dir - straight line, f - ball python
Aim: a ball python (80% to hit)
The blast of sand hits the ball python!
You kill the ball python!
k - a scroll labelled IXIH IN TUXASCH You now have 61 gold pieces (gained 10).
l - an emerald potion
Found a robe.
Found a scroll labelled BEFITOHICK.
You see here a +0 robe.
m - a scroll labelled BEFITOHICK You see here a +0 robe.
Found a stone staircase leading down.
There is a stone staircase leading down here.
You now have 69 gold pieces (gained 8).
An orc comes into view. It is wielding a +4 flail.
The orc shouts!
You hear a shout!
An orc comes into view. It is wielding a +0 hand axe.
You hear a shout!
The orc hits you with a +4 flail.
You closely miss the orc. The orc misses you.
You barely miss the orc.
An orc comes into view. It is wielding a +0 trident.
The orc hits you with a +4 flail.
You hit the orc but do no damage. The orc barely misses you.
The orc misses you.
You completely miss the orc. The orc hits you with a +4 flail.
The orc hits you with a +0 hand axe. The orc closely misses you.
The orc hits you with a +4 flail!
* * * LOW HITPOINT WARNING * * *
The orc misses you. The orc closely misses you. x2
The orc attacks as you move away! The orc hits you with a +0 hand axe.
* * * LOW HITPOINT WARNING * * *
The orc attacks as you move away! The orc barely misses you.
The orc attacks as you move away! The orc hits you with a +4 flail!
Ouch! That really hurt!
You die...

...# ###..........
...#.#...........
...#.......###.# ...#
#.........# ...#
####....####### ...#
#...........
#########..o.....#
............o###.###
#..............o@..#
..######.#...#.#.#.#
.......#.....#.#.#.#
######.#...#.#.#.#..
....##.#.###.#.#.###.#
###.##.#.# #.........#
..#.##.#.# ###.#.#####
..#.##.#.#####.#.#
###.##.#.......#>#


You could see 2 orcs.

Vanquished Creatures
  A gnoll (D:1)
  2 dart slugs (D:2)
  4 bats
  3 endoplasms (D:1)
  A giant cockroach (D:1)
  2 goblins
  2 hobgoblins (D:1)
  2 kobolds
  3 ball pythons
  3 frilled lizards
  2 rats
25 creatures vanquished.

Notes
Turn   | Place    | Note
-------+----------+-------------------------------------------
     0 | D:1      | RascalDebosk the Djinni Earth Elementalist began the quest
                  | for the Orb.
     0 | D:1      | RascalDebosk set off with the following spells memorised:
                  | Sandblast, Passwall, Stone Arrow, Petrify.
     0 | D:1      | Reached XP level 1. HP: 15/15 MP: 0/0
    28 | D:1      | Found a faded altar of an unknown god.
    97 | D:1      | Reached XP level 2. HP: 20/21 MP: 0/0
   119 | D:1      | Reached skill level 3 in Spellcasting
   243 | D:1      | Reached XP level 3. HP: 12/25 MP: 0/0
   243 | D:1      | Learned a level 1 spell: Summon Small Mammal
  1192 | D:2      | Mangled by an orc

Illustrated notes

Levels and vault maps discovered:
D:1:      lemuel_arrival_rhombus, layout_rooms, shapermc_ecumenical_altar_venn
D:2:      layout_basic, corner_web_ring, nicolae_figureground_sparkle

Skill      XL: |  1  2 |
---------------+-------+-----
Spellcasting   | 3 |  3.4
Dodging        | |  2.1
Stealth        | |  1.5

Action                     || total
---------------------------++-------
  Melee: Rapier            ||    20
   Cast: Sandblast         ||    25
 Armour: Robe              ||     2
  Dodge: Dodged            ||    19
